 Dungeon Crawl Stone Soup version 0.18-a0-1702-gd20c6a5 (webtiles) character file.

211 Ratboiler the Magician (level 5, -2/28 HPs)
             Began as a Deep Elf Wanderer on Apr 6, 2016.
             Slain by a wyvern zombie (4 damage)
             ... in an ossuary.
             The game lasted 00:17:09 (3651 turns).

Ratboiler the Magician (Deep Elf Wanderer)          Turns: 3651, Time: 00:17:10

Health: -2/28      AC:  6    Str: 13    XL:     5   Next: 57%
Magic:  14/15      EV: 11    Int: 20    God:
Gold:   204        SH:  0    Dex: 13    Spells: 3 memorised, 10 levels left

rFire  . . .     SeeInvis .     e - +1 dagger
rCold  . . .     Gourm    .     t - +2 animal skin
rNeg   . . .     Faith    .     (no shield)
rPois  .         Spirit   .     u - +0 helmet
rElec  .         Dismiss  .     (no cloak)
rCorr  .         Reflect  .     (no gloves)
SustAt .         Harm     .     d - +0 pair of boots
MR     .....                    v - amulet of inaccuracy (curse)
Stlth  ++........               (no ring)
                                (no ring)

@: mighty, not resistant to hostile enchantments, unstealthy
A: no striking features
a: no special abilities


You were in an ossuary.
You were not hungry.

You visited 1 branch of the dungeon, and saw 4 of its levels.
You also visited: Ossuary.

You collected 204 gold pieces.

Inventory:

Hand Weapons
 e - a +1 dagger (weapon)
Missiles
 o - 6 javelins (quivered)
 q - 16 poisoned needles
Armour
 d - a +0 pair of boots (worn)
 t - a +2 animal skin (worn)
 u - a +0 helmet (worn)
Jewellery
 v - a cursed amulet of inaccuracy (around neck)
Wands
 c - a wand of random effects (15/48)
Scrolls
 s - a scroll of enchant armour {unknown}
 w - a scroll of magic mapping {unknown}
Potions
 h - a potion of heal wounds {unknown}
 i - 3 potions of curing {unknown}
 j - 2 potions of cure mutation {unknown}
 k - a potion of brilliance
 l - a potion of might
 r - a potion of agility {unknown}
Books
 a - a book of Flames

   Spells                             Type                      Level
   a - Flame Tongue                   Conjuration/Fire             1
   b - Throw Flame                    Conjuration/Fire             2
   c - Conjure Flame                  Conjuration/Fire             3
   d - Inner Flame                    Hexes/Fire                   3
   e - Sticky Flame                   Conjuration/Fire             4
   f - Fireball                       Conjuration/Fire             5
 b - the Incunabulum of Transmutation

   Spells                             Type                      Level
   a - Beastly Appendage              Transmutation                1
   b - Spider Form                    Transmutation/Poison         3
Comestibles
 p - 2 meat rations


   Skills:
 - Level 3.0 Stealth
 - Level 6.1 Spellcasting
 + Level 4.5 Conjurations
   Level 1.3 Hexes
 + Level 4.1 Fire Magic
 - Level 1.1 Evocations


You had 10 spell levels left.
You knew the following spells:

 Your Spells              Type           Power        Failure   Level  Hunger
a - Flame Tongue          Conj/Fire      ###..        1%          1    None
b - Throw Flame           Conj/Fire      ###...       2%          2    None
c - Conjure Flame         Conj/Fire      ###.....     8%          3    ##.....


Dungeon Overview and Level Annotations

Branches:
Dungeon (4/15)
 Temple: D:4-7

Altars:
Ru

Annotations:
D:2 1 exclusion, Crazy Yiuf
D:4 Eustachio


Message History

Aim: a wyvern zombie The puff of flame hits the wyvern zombie.
The wyvern zombie bites you.
* * * LOW HITPOINT WARNING * * *
Drink which item? (? for menu, Esc to quit)
You are confused.
You feel invigorated. The wyvern zombie barely misses you.
You miss the wyvern zombie.
The wyvern zombie bites you but does no damage.
The wyvern zombie bites you.
You bump into the stone wall.
You feel less invigorated.
You feel less confused.
The wyvern zombie completely misses you.
You closely miss the wyvern zombie. The wyvern zombie bites you!
* * * LOW HITPOINT WARNING * * *
A mummy comes into view.
You hit the wyvern zombie. The wyvern zombie bites you.
* * * LOW HITPOINT WARNING * * *
The wyvern zombie bites you.
You die...

## ### # ###≈#
#.#.# # P≈n≈≈
#'#'#+#M#+#≈≈≈##
+..M.....≈≈.≈≈≈P
###.# ##'##
#@ZM# #...#
###.# #.∩.# '.#
#∩..# ##Z# #####
+.. #.# '.# #.#


You could see 2 mummies and a wyvern zombie.

Vanquished Creatures
  A giant frog skeleton (D:4)
  A worker ant (D:3)
  4 mummies (Ossuary)
  Robin (D:2)
  A gnoll (D:3)
  2 oozes
  2 dart slugs (D:2)
  2 giant geckos
  2 ball pythons
  12 bats
  5 giant cockroaches
  12 goblins
  5 hobgoblins
  7 jackals
  4 kobolds
  A giant gecko zombie (Ossuary)
  6 giant newts
  5 rats
73 creatures vanquished.

Vanquished Creatures (others)
  A withered plant (Ossuary)
1 creature vanquished.

Grand Total: 74 creatures vanquished

Notes
Turn   | Place    | Note
--------------------------------------------------------------
     0 | D:1      | Ratboiler the Deep Elf Wanderer began the quest for the Orb.
     0 | D:1      | Ratboiler set off with: a book of Flames, the Incunabulum of Transmutation, a wand of random effects (15/48), a +0 robe, a +0 dagger, a bread ration
     0 | D:1      | Reached XP level 1. HP: 10/10 MP: 9/9
     0 | D:1      | Identified the Incunabulum of Transmutation
     2 | D:1      | Learned a level 1 spell: Flame Tongue
    34 | D:1      | Reached skill level 6 in Spellcasting
   402 | D:1      | Reached XP level 2. HP: 10/15 MP: 8/11
   645 | D:1      | Learned a level 2 spell: Throw Flame
   940 | D:1      | Reached skill level 1 in Conjurations
  1141 | D:1      | Reached XP level 3. HP: 19/19 MP: 4/12
  1518 | D:2      | Learned a level 3 spell: Conjure Flame
  1548 | D:2      | Noticed Crazy Yiuf
  1877 | D:2      | Noticed Robin
  2321 | D:2      | Killed Robin
  2321 | D:2      | Reached XP level 4. HP: 24/24 MP: 4/14
  3333 | D:3      | Found a sacrificial altar of Ru.
  3463 | D:4      | Reached XP level 5. HP: 22/28 MP: 4/15
  3573 | D:4      | Noticed Eustachio
  3596 | D:4      | Found a sand-covered staircase.
  3603 | Ossuary  | Entered an ossuary
  3651 | Ossuary  | Slain by a wyvern zombie

Vault maps used:
D:1:      minmay_arrival_doors
D:2:      uniq_robin, uniq_crazy_yiuf_cottage
D:3:      nicolae_ru_awakened_eye, hangedman_feature_mirror,
          kennysheep_generic_room_5
D:4:      chequers_ossuary_entry_cave, serial_shops,
          nicolae_shop_window_shopping, hex_large, kennysheep_flooded_box,
          elyvilon_altar_4, uniq_eustachio
Ossuary:  ossuary_zaba_flooded

Skill      XL: |  1  2  3  4  5 |
---------------+----------------+-----
Spellcasting   | 6 |  6.1
Stealth        | 2 3 |  3.0
Conjurations   | 1 2 4 |  4.5
Fire Magic     | 4 |  4.1
Hexes          | |  1.3
Evocations     | |  1.1

Action                   |  1- 3 |  4- 6 || total
-------------------------+-------+-------++-------
Melee: Dagger            |    30 |    24 ||    54
 Cast: Flame Tongue      |    19 |     2 ||    21
       Throw Flame       |    54 |    47 ||   101
       Conjure Flame     |     1 |     3 ||     4
  Use: Scroll            |       |     4 ||     4
       Potion            |       |     2 ||     2
  Eat: Chunk             |     4 |     2 ||     6
       Beef jerky        |       |     1 ||     1
       Bread ration      |       |     1 ||     1
